 Dungeon Crawl Stone Soup version 0.16.1-4-g8e1b745 (webtiles) character file.

51 Ololoev the Ducker (level 3, 0/27 HPs)
             Began as a Felid Berserker on Mar 27, 2015.
             Was a Follower of Trog.
             Slain by an adder skeleton (4 damage)
             ... on level 4 of the Dungeon.
             The game lasted 00:01:03 (461 turns).

Ololoev the Ducker (Felid Berserker)                 Turns: 461, Time: 00:01:03

Health: 0/27       AC:  1    Str: 18    XL:     3   Next: 58%
Magic:  5/5        EV: 20    Int:  8    God:    Trog [*.....]
Gold:   28         SH:  0    Dex: 16    Spells: 0 memorised, 2 levels left
                                        Lives:  0   Deaths: 0

rFire  . . .     SeeInvis +       - Unarmed
rCold  . . .     Clarity  .     (armour unavailable)
rNeg   . . .     SustAb   .     (shield unavailable)
rPois  .         Gourm    .     (helmet unavailable)
rElec  .         Spirit   .     (cloak unavailable)
rCorr  .         Warding  .     (gloves unavailable)
rMut   .         Stasis   .     (boots unavailable)
MR     .....                    (no amulet)
Stlth  ..........               (no ring)
                                (no ring)

@: berserking, lethally poisoned (0 -> -4), very quick, not resistant to hostile
enchantments, extremely unstealthy
A: paw claws, no armour, no weapons or thrown items, fangs 3, see invisible,
carnivore 3, speed 1, shaggy fur 1, slow metabolism 1, sharp paws
a: Burn Spellbooks, Berserk, Renounce Religion


You were on level 4 of the Dungeon.
You worshipped Trog.
Trog was aware of your devotion.
You were not hungry.

You visited 1 branch of the dungeon, and saw 4 of its levels.

You collected 28 gold pieces.

Notes
Turn   | Place    | Note
--------------------------------------------------------------
     0 | D:1      | Ololoev, the Felid Berserker, began the quest for the Orb.
     0 | D:1      | Reached XP level 1. HP: 10/10 MP: 2/2
   179 | D:1      | Reached XP level 2. HP: 12/14 MP: 3/3
   453 | D:4      | Reached XP level 3. HP: 8/18 MP: 5/5
   461 | D:4      | Slain by an adder skeleton

Inventory:

Scrolls
 b - 2 scrolls of identify {unknown}
 e - a scroll of magic mapping {unknown}
Potions
 a - a potion of heal wounds {unknown}
 d - a potion of restore abilities {unknown}
Comestibles
 c - 2 meat rations

Table legend:
 A = Turns spent in this place as a percentage of turns spent in the entire game.
 B = Non-inter-level travel turns spent in this place as a percentage of non-inter-level travel turns spent in the entire game.
 C = Inter-level travel turns spent in this place as a percentage of turns spent in this place.
 D = Turns resting spent in this place as a percentage of non-inter-level travel turns spent in this place.
 E = Turns spent auto-exploring this place as a percentage of non-inter-level travel turns spent in this place.
 F = Non-inter-level travel turns spent in this place divided by the number of levels of this place that you've seen.
                   A       B       C       D       E      F
               +-------+-------+-------+-------+-------+----------------------
         Total | 100.0 | 100.0 |   0.4 |   0.0 |   7.9 |  66.5
       Dungeon | 100.0 | 100.0 |   0.4 |   0.0 |   7.9 |  66.5
               +-------+-------+-------+-------+-------+----------------------


   Skills:
 + Level 3.8 Fighting
 + Level 4.7 Dodging
 + Level 3.5 Unarmed Combat


You had 2 spell levels left.
You didn't know any spells.

Dungeon Overview and Level Annotations

Branches:
Dungeon (4/15)
 Temple: D:4-7

Altars:


Innate Abilities, Weirdness & Mutations

You cannot wear armour.
You are incapable of wielding weapons or throwing items.
You have razor-sharp teeth.
You have supernaturally acute eyesight.
You are carnivorous and can eat meat at any time.
You cover ground quickly.
You are covered in fur (AC +1).
You have a slow metabolism.
Your paws have sharp claws that are effective at stabbing.


Message History

Use which ability? (? or * to list)
A red film seems to cover your vision as you go berserk!
You feel yourself moving faster!
You feel mighty!
You feel somewhat more hungry.
You feel sick. The worker ant bites you.
You scratch the worker ant.
The worker ant is lightly wounded.
You feel sick. The worker ant barely misses you.
You scratch the worker ant.
The worker ant is heavily wounded.
You scratch the worker ant. You claw the worker ant.
You kill the worker ant!
Trog accepts your kill.
You have reached level 3!
Your experience leads to an increase in your attributes!
Your base attributes are Str 13, Int 8, Dex 15.
Increase (S)trength, (I)ntelligence, or (D)exterity?
You feel agile.
You scratch the orc.
The orc begins to bleed from its wounds!
The orc is heavily wounded.
You feel sick. The orc hits you with a short sword.
You completely miss the orc.
The orc is heavily wounded.
You scratch the orc.
The orc is heavily wounded.
The orc closely misses you.
You scratch the orc!
You kill the orc!
Trog accepts your kill.
You feel sick.
You scratch the orc.
The orc begins to bleed from its wounds!
Your bite misses the orc.
The orc is almost dead.
You scratch the orc!
You kill the orc!
Trog accepts your kill.
You closely miss the adder skeleton. You bite the adder skeleton!
You scratch the adder skeleton.
You feel sick. The adder skeleton bites you.
You die...

.. #. ##. ##..
#.. #.# ##@#
#Z## . #o## ..#
#..####...#
##...o#..#
#..o....##
###.o......#
#....<....Z#
#.........o...#


You could see an orc and an adder skeleton.

Table legend:
 A = Kills in this place as a percentage of kills in entire the game.
 B = Kills by you in this place as a percentage of kills by you in the entire game.
 C = Kills by friends in this place as a percentage of kills by friends in the entire game.
 D = Other kills in this place as a percentage of other kills in the entire game.
 E = Experience gained in this place as a percentage of experience gained in the entire game.
 F = Experience gained in this place divided by the number of levels of this place that you have seen.
                   A       B       C       D       E      F
               +-------+-------+-------+-------+-------+----------------------
         Total | 100.0 | 100.0 |  -nan |  -nan | 100.0 |  18.5
       Dungeon | 100.0 | 100.0 |  -nan |  -nan | 100.0 |  18.5
               +-------+-------+-------+-------+-------+----------------------

Vanquished Creatures
  A worker ant (D:4)
  A giant mite (D:1)
  A giant gecko (D:1)
  2 orcs (D:4)
  A ball python (D:1)
  2 giant cockroaches (D:1)
  4 goblins (D:1)
  2 hobgoblins (D:1)
  3 bats (D:1)
  2 rats (D:1)
19 creatures vanquished.

Action                   || total
-------------------------++-------
Melee: Unarmed           ||    42
Invok: Berserk           ||     1

Vault maps used:
D:1:      dpeg_arrival_rooms_b
D:2:      first_bread
